cohdb
Replays
Latest Replays
All Replays
Popular Replays
Top Player Replays
Match Explorer
How It Works
Community
CoH3 Stats
Reddit
Sign in to upload your games and track your stats! →
Sign in with Steam
Match 46784544
Unlisted
Match 46784544
Overview
Messages
Build Orders
End
Kettenkrad Recon Vehicle
Construct Infanterie Kompanie
MG 42 Machine Gun Team
Selects Terror Battlegroup
Selects Machine Gun Camouflage
MG 42 Machine Gun Team
Construct Panzergrenadier Kompanie
Pak 40 Anti-tank Gun Team
Medical Station
Kettenkrad Recon Vehicle
251 Medium Carrier
Panzergrenadier Squad
Construct Panzer Kompanie
Selects No Quarter
Selects Interrogate
Sturmpanzer IV Brummbär
Kettenkrad Recon Vehicle
Stoßtruppen Squad
Panzergrenadier Squad
boqert04
Nakovalny
Critical32
Pinkdolphin
sewage bill
TeamSpeakUser
LITTLE TRICKSTER
Da Cracka Whacka
0
0
Comments
sign in to comment!
No comments posted yet!